 Dungeon Crawl Stone Soup version 0.28.0 (webtiles) character file.

Game seed: 831860570399532091

107 zeram the Caller (level 4, -4/27 HPs)
             Began as an Octopode Summoner on Feb 5, 2022.
             Slain by a river rat (6 damage)
             ... in a sewer.
             The game lasted 00:04:03 (3601 turns).

zeram the Caller (Octopode Summoner)                Turns: 3601, Time: 00:04:04

Health: -4/27      AC:  1    Str:  7    XL:     4   Next: 85%
Magic:  6/7        EV: 13    Int: 19    God:
Gold:   75         SH:  0    Dex: 12    Spells: 1/7 levels left

rFire   . . .      SeeInvis .   b - +1 dagger (freeze)
rCold   . . .      Faith    .   (no shield)
rNeg    . . .      Spirit   .   (helmet restricted)
rPois   .          Reflect  .   (no amulet)
rElec   .          Harm     .   (no ring)
rCorr   .          Rampage  .   (no ring)
Will    .....                   (no ring)
Stlth   ++++......              (no ring)
HPRegen 0.09/turn               (no ring)
MPRegen 0.10/turn               (no ring)
                                (no ring)
                                (no ring)

@: no status effects
A: almost no armour, amphibious, 8 rings, camouflage 1, gelatinous body 1,
nimble swimmer 1, tentacles
a: no special abilities


You were in a sewer.
You visited 1 branch of the dungeon, and saw 3 of its levels.
You also visited: Sewer.

You collected 75 gold pieces.

Inventory:

Hand Weapons
 b - a +1 dagger of freezing (weapon)
 d - a +0 whip
Jewellery
 h - an amulet of faith
Scrolls
 f - a scroll of teleportation
 i - a scroll of vulnerability
 j - 2 scrolls of noise {unknown}
 k - 2 scrolls of identify {unknown}
 l - a scroll of holy word {unknown}
Potions
 a - a potion of degeneration {unknown}
 c - 2 potions of attraction {unknown}
 e - a potion of berserk rage {unknown}
 g - a potion of resistance {unknown}


   Skills:
 + Level 0.7 Short Blades
 + Level 2.6 Dodging
 - Level 2.7 Stealth
 + Level 2.3 Spellcasting
 * Level 5.4 Summonings


You had one spell level left.
You knew the following spells:

 Your Spells              Type           Power      Damage    Failure   Level
a - Summon Small Mammal   Summ           88%        N/A       1%          1
b - Call Imp              Summ           22%        N/A       2%          2
c - Call Canine Familiar  Summ           22%        N/A       5%          3

Your spell library contained the following spells:

 Spells                   Type           Power      Damage    Failure   Level
 Summon Guardian Golem    Hex/Summ       12%        N/A       16%         3
 Summon Lightning Spire   Summ/Air       12%        N/A       47%         4
 Summon Forest            Summ/Tloc      6%         N/A       83%         5
 Malign Gateway           Summ/Tloc      6%         N/A       100%        7
 Summon Hydra             Summ           11%        N/A       100%        7


Dungeon Overview and Level Annotations

Branches:
Dungeon (3/15)              Sewer (1/1)

Altars:


Innate Abilities, Weirdness & Mutations

You cannot wear most types of armour.
You are amphibious.
You can wear up to eight rings at the same time.
Your skin changes colour to match your surroundings (Stealth+).
Your rubbery body absorbs attacks. (AC +1, EV +1)
You are camouflaged when in or above water. (Stealth+)
You have tentacles for arms and can constrict up to eight enemies at once.


Message History

The river rat misses you. The ball python barely misses you.
The ball python grabs you. The ball python constricts you.
You barely miss the ball python. You grab the ball python.
You constrict the ball python. The river rat closely misses you.
The ball python bites you. The ball python constricts you.
The river rat bites you.
You hit the ball python. You freeze the ball python.
You kill the ball python!
The river rat barely misses you. The river rat bites you.
You hit the river rat but do no damage. You grab the river rat.
You constrict the river rat, but do no damage.
The river rat misses you. The river rat bites you!
You are too injured to fight recklessly!
You are too injured to fight recklessly!
You release your grip on the river rat.
You hit the river rat but do no damage. You grab the river rat.
You constrict the river rat, but do no damage.
The river rat closely misses you. The river rat bites you.
* * * LOW HITPOINT WARNING * * *
You hit the river rat but do no damage.
You constrict the river rat, but do no damage.
The river rat barely misses you. The river rat closely misses you.
You hit the river rat but do no damage.
You constrict the river rat, but do no damage.
The river rat twitches its whiskers.
The river rat misses you. x2
You hit the river rat but do no damage.
You squeeze the river rat, but do no damage.
You constrict the river rat, but do no damage.
The river rat barely misses you.
You barely miss the river rat. You constrict the river rat.
The river rat bites you.
* * * LOW HITPOINT WARNING * * *
Casting: Summon Small Mammal (safe; 1% risk of failure)
Confirm with . or Enter, or press ? or * to list all spells.
You constrict the river rat, but do no damage.
The river rat bites you.
* * * LOW HITPOINT WARNING * * *
The river rat bites you.
You die...

#######################
≈≈≈≈≈≈≈≈≈≈≈≈≈≈≈≈≈≈≈≈≈≈#
≈≈≈≈≈≈≈≈≈≈≈≈≈≈≈≈≈≈≈≈≈≈#
≈≈≈≈.≈≈≈≈≈≈≈≈≈≈≈≈≈≈≈≈≈#
≈≈≈#####≈≈≈#############
≈≈≈# #≈≈≈#########..!##
≈≈≈# #.≈≈≈≈≈≈≈≈..≈≈...#
≈≈≈# #≈≈.≈≈≈≈≈≈r≈.≈≈..#
.≈≈# #≈≈≈≈≈≈r≈@r.≈.†.!#
.≈≈# #≈≈≈########≈.†!##
≈≈≈# #≈≈≈# ##.!## ≈≈≈#
#≈≈.## #### ≈≈.# #≈≈..#
#### ≈≈≈# #≈≈≈####
###.∩### ≈≈≈#
#≈≈≈≈≈.####.....∩# ≈≈.#
#≈≈≈≈≈≈..........# .≈≈#
#≈≈≈.≈≈≈.........#


You could see 2 river rats and a friendly quokka (summoned).

Vanquished Creatures
  3 adders
  2 river rats (Sewer)
  2 worms (Sewer)
  2 dart slugs
  8 bats
  3 endoplasms
  8 giant cockroaches
  3 goblins
  2 hobgoblins (D:2)
  2 jackals (Sewer)
  3 quokkas
  5 ball pythons
  4 frilled lizards
  2 kobolds (D:1)
  2 rats (D:2)
51 creatures vanquished.

Notes
Turn   | Place    | Note
-------+----------+-------------------------------------------
     0 | D:1      | zeram the Octopode Summoner began the quest for the Orb.
     0 | D:1      | Reached XP level 1. HP: 11/11 MP: 3/3
   439 | D:1      | Reached XP level 2. HP: 14/17 MP: 5/5
  1594 | D:2      | Reached XP level 3. HP: 20/21 MP: 6/6
  1667 | D:2      | HP: 1/21 [hobgoblin (5)]
  1969 | D:2      | Learned a level 2 spell: Call Imp
  1973 | D:2      | Learned a level 3 spell: Call Canine Familiar
  2302 | D:2      | Reached skill level 5 in Summonings
  2463 | D:2      | Identified a scroll of acquirement
  2463 | D:2      | Acquired the Disquisition on Calling
  2587 | D:3      | Found a glowing drain.
  2604 | Sewer    | Entered a sewer
  2733 | Sewer    | Reached XP level 4. HP: 27/27 MP: 7/7
  3601 | Sewer    | Slain by a river rat

Illustrated notes

Levels and vault maps discovered:
D:1:      mrwooster_arrival_statue, layout_basic
D:2:      layout_basic, hangedman_decor_diamond_cutter,
          chequers_hall_statues_wall_a, kennysheep_crisscross
D:3:      layout_loops_ring, cheibrodos_sewer_entry_drain,
          hellmonk_ecumenical_altar_heavens_door, hangedman_feature_mirror,
          uniq_crazy_yiuf_cottage
Sewer:    sewer_fruit_machine

Skill      XL: |  1  2  3 |
---------------+----------+-----
Summonings     | 5 |  5.4
Short Blades   | |  0.7
Dodging        | |  2.6
Stealth        | |  2.7
Spellcasting   | |  2.3

Action                   |  1- 3 |  4- 6 || total
-------------------------+-------+-------++-------
Melee: Unarmed           |    16 |       ||    16
       Constrict         |    21 |    19 ||    40
       Tentacles         |    10 |    10 ||    20
       Whip              |    22 |       ||    22
       Dagger            |    31 |    62 ||    93
       Punch             |     1 |       ||     1
 Cast: Summon Small Mamm |       |     4 ||     4
  Use: Scroll            |     4 |       ||     4
 Stab: Sleeping          |    14 |     6 ||    20
Armor: Skin              |     4 |     7 ||    11
Dodge: Dodged            |    40 |    59 ||    99
